 Dungeon Crawl Stone Soup version 0.28-a0-1387-g3a22ab9bdc (webtiles) character file.

Game seed: 944155970671849383

5991 bladeefan the Basher (level 10, 0/80 HPs)
             Began as a Demonspawn Fighter on Jan 2, 2022.
             Was an Initiate of Yredelemnul.
             Slain by a skeletal warrior (15 damage)
             ... led by a skeletal warrior
             ... on level 9 of the Dungeon.
             The game lasted 00:23:41 (13957 turns).

bladeefan the Basher (Demonspawn Fighter)          Turns: 13957, Time: 00:23:42

Health: 0/80       AC: 17    Str: 20    XL:     10   Next: 55%
Magic:  10/10      EV:  6    Int: 10    God:    Yredelemnul [......]
Gold:   512        SH:  0    Dex: 15    Spells: 9/9 levels left

rFire   . . .      SeeInvis .   y - +0 dire flail (drain)
rCold   . . .      Faith    +   (shield currently unavailable)
rNeg    . . .      Spirit   .   L - +0 plate armour
rPois   .          Reflect  .   (helmet restricted)
rElec   .          Harm     .   w - +0 cloak
rCorr   .          Rampage  .   I - +0 pair of gloves
Will    +....                   l - +0 pair of boots
Stlth   ..........              u - amulet of faith {!P}
HPRegen 0.23/turn               J - ring of willpower
MPRegen 0.12/turn               (no ring)

@: mighty
A: horns 2, thin skeletal structure 1, powered by pain 1, talons 1, mutation
resistance 1
a: Renounce Religion, Recall Undead Harvest


You were on level 9 of the Dungeon.
You worshipped Yredelemnul.
Yredelemnul was noncommittal.
You visited 2 branches of the dungeon, and saw 11 of its levels.
You also visited: Sewer and Ossuary.

You collected 512 gold pieces.

Inventory:

Hand Weapons
 a - a +1 flail of freezing
 y - a +0 dire flail of draining (weapon)
   (You took it off Edmund on level 6 of the Dungeon)
Armour
 l - a +0 pair of boots (worn)
   (You found it on level 2 of the Dungeon)
 n - the +1 robe "Boqoront" {Rampage *Corrode MP+9 Dex+3}
   (You found it on level 3 of the Dungeon)

   Dex:       It affects your dexterity (+3).
   MP:        It affects your magic capacity (+9).
   *Corrode:  It may corrode you when you take damage.
   Rampage:   It bestows one free step when moving towards enemies.
 w - a +0 cloak (worn)
   (You found it on level 2 of the Dungeon)
 I - a +0 pair of gloves (worn)
   (You found it on level 10 of the Dungeon)
 L - a +0 plate armour (worn)
   (You took it off an orc warrior on level 9 of the Dungeon)
Jewellery
 o - a ring of protection from cold
   (You found it on level 10 of the Dungeon)
 u - an amulet of faith (around neck) {!P}
   (You found it on level 4 of the Dungeon)
 F - an amulet of reflection
   (You found it on level 7 of the Dungeon)
 J - a ring of willpower (left hand)
   (You found it on level 10 of the Dungeon)
Wands
 d - a wand of iceblast (13)
   (You found it on level 5 of the Dungeon)
 C - a wand of charming (21)
   (You found it on level 5 of the Dungeon)
Scrolls
 c - 2 scrolls of torment {!r}
 f - a scroll of summoning
 h - a scroll of blinking
 r - 5 scrolls of teleportation {@r4}
 s - a scroll of magic mapping
 E - a scroll of silence
 G - a scroll of enchant weapon
 H - a scroll of vulnerability {!r}
Potions
 e - 15 potions of degeneration {!q}
 g - a potion of magic
 i - a potion of mutation {!q}
 j - 2 potions of invisibility
 k - 2 potions of flight
 p - 5 potions of attraction {!q}
 q - a potion of haste {@q3}
 v - 2 potions of brilliance
 x - a potion of resistance
 z - 2 potions of lignification {!q}
 A - a potion of berserk rage {unknown}
 B - a potion of cancellation
 K - 2 potions of curing {@q1}
Miscellaneous
 m - a piece from Xom's chessboard (15/15)
   (You found it on level 9 of the Dungeon)


   Skills:
 + Level 8.2 Fighting
 * Level 10.2 Maces & Flails
 + Level 7.5 Armour
 - Level 5.0 Shields


You had 9 spell levels left.
You didn't know any spells.
Your spell library contained the following spells:

 Spells                   Type           Power      Damage    Failure   Level
 Foxfire                  Conj/Fire      0%         2x1d4     100%        1
 Magic Dart               Conj           0%         1d3       100%        1
 Sting                    Tmut/Pois      0%         1d3       100%        1
 Poisonous Vapours        Pois/Air       0%         N/A       100%        2
 Searing Ray              Conj           0%         2d4       100%        2
 Static Discharge         Conj/Air       0%         N/A       100%        2
 Conjure Flame            Conj/Fire      0%         6-21      100%        3
 Ignite Poison            Fire/Tmut/Pois 0%         N/A       100%        3
 Tukima's Dance           Hex            0%         N/A       100%        3
 Fulminant Prism          Conj/Hex       0%         3d6       100%        4
 Hailstorm                Conj/Ice       0%         3d3       100%        4
 Olgreb's Toxic Radiance  Pois           0%         N/A       100%        4
 Passage of Golubria      Tloc           0%         N/A       100%        4
 Sticky Flame             Conj/Fire      0%         2d3       100%        4
 Yara's Violent Unravell  Hex/Tmut       0%         3d3       100%        5
 Eringya's Noxious Bog    Tmut/Pois      0%         N/A       100%        6
 Ozocubu's Refrigeration  Ice            0%         4d5       100%        7
 Ignition                 Fire           0%         3d3       100%        8


Dungeon Overview and Level Annotations

Branches:
Dungeon (10/15)            Temple (1/1) D:7            Lair (0/6) D:9
    Orc (0/2) D:9           Sewer (visited)         Ossuary (visited)

Altars:
Ashenzari
Cheibriados
Dithmenos
Elyvilon
Fedhas
Hepliaklqana
Kikubaaqudgha
Nemelex Xobeh
Okawaru
Qazlal
Ru
Sif Muna
Trog
Uskayaw
Wu Jian
Xom
Yredelemnul
Zin
The Shining One

Shops:
D:2 !   D:3 (

Annotations:
D:9 4 runed translucent doors, fragbeetle's ghost, novice MfGl


Innate Abilities, Weirdness & Mutations

You have a pair of horns on your head.
You have a somewhat thin skeletal structure. (Dex +2, Stealth+)
You sometimes gain a little power by taking damage.
You have sharp toenails.
You are somewhat resistant to further mutation.


Message History

* * * LOW HITPOINT WARNING * * *
The skeletal warrior hits you from afar with a +0 halberd!
* * * LOW HITPOINT WARNING * * *
You climb upwards.
Level annotation: 4 runed translucent doors, fragbeetle's ghost, novice MfGl
There is a stone staircase leading down here.
You feel better.
The skeletal warrior hits you with a +0 war axe.
* * * LOW HITPOINT WARNING * * *
Blink to where?
As you read the scroll of blinking, it crumbles to dust.
As you read the scroll labelled QERUTE DECS, it crumbles to dust.
The scroll dissolves into smoke.
It was a scroll of fog.
You see here a +0 dagger.
Items here: ( ))) [.
Things that are here:
a stone; a +0 dagger; a +0 dagger You feel better.
You feel better.
You see here a +0 short sword.
You feel better.
You see here a +0 short sword.
You closely miss the skeletal warrior. You headbutt the skeletal warrior!
The skeletal warrior hits you with a +0 war axe!
* * * LOW HITPOINT WARNING * * *
You barely miss the skeletal warrior.
You feel a little less mighty now.
The skeletal warrior hits you with a +0 war axe!
* * * LOW HITPOINT WARNING * * *
You hit the skeletal warrior but do no damage.
The skeletal warrior hits you with a +0 war axe.
* * * LOW HITPOINT WARNING * * *
You sock the skeletal warrior! You headbutt the skeletal warrior.
The skeletal warrior hits you but does no damage.
You closely miss the skeletal warrior.
Unknown command.
You barely miss the skeletal warrior. You headbutt the skeletal warrior!
The skeletal warrior barely misses you.
You feel better.
The skeletal warrior hits you with a +0 war axe!
* * * LOW HITPOINT WARNING * * *
You focus on the pain.
You feel very mighty all of a sudden.
You closely miss the skeletal warrior.
The skeletal warrior hits you but does no damage.
You hit the skeletal warrior but do no damage.
You headbutt the skeletal warrior!
The skeletal warrior hits you with a +0 war axe!
You die...
Your body rises from the dead as a mindless zombie.

KWK##.................#...###....
++##..................###.###.z.)
.......Z.ZZ......Z..####.........
..........Z......##.............#
..........)....#.................
##...############################
##..#.'Z#...)...................
##)#.#.#....[.................#
###..#.#.#..[...@z..............#
>##..#.#........[[[..............
Z#...###..........>.....##.......
Z....# #≈....#...................
Z....# #.≈...#...................
Z...#############################
Z...............##.##..........#.
.........ZZ....###.#.............
.Z#########.....#..##.........##.


You could see a skeletal warrior.

Vanquished Creatures
  14 yaks
  A steam dragon (D:8)
  Menkaure (Ossuary)
  Edmund (D:6)
  4 water moccasins
  An ice beast (D:8)
  3 orc warriors
  4 sky beasts
  2 ogres
  2 centaurs
  A kobold brigand (Sewer)
  2 bullfrogs
  A gnoll sergeant (D:7)
  A water moccasin skeleton (D:4)
  2 killer bees (D:9)
  3 jellies
  6 hounds
  4 orc priests (D:9)
  Terence (D:3)
  Jessica (D:2)
  A bullfrog skeleton (D:6)
  An iguana (D:5)
  8 orc wizards
  3 mummies (Ossuary)
  6 gnolls
  A howler monkey skeleton (D:5)
  16 adders
  5 river rats
  A shadow imp (D:7)
  6 worms
  2 dart slugs
  18 orcs
  4 bats
  6 endoplasms
  4 giant cockroaches
  6 goblins
  4 hobgoblins
  6 jackals
  2 quokkas
  22 ball pythons
  7 frilled lizards
  8 gnoll skeletons (Ossuary)
  3 gnoll zombies (Ossuary)
  A goblin skeleton (Ossuary)
  4 goblin zombies (Ossuary)
  6 hobgoblin skeletons (Ossuary)
  4 hobgoblin zombies (Ossuary)
  11 kobolds
  2 kobold skeletons (Ossuary)
  4 kobold zombies (Ossuary)
  4 orc skeletons (Ossuary)
  7 orc zombies (Ossuary)
  8 rats
  4 rat skeletons (Ossuary)
  3 rat zombies (Ossuary)
253 creatures vanquished.

Vanquished Creatures (collateral kills)
  A yak (D:9)
  A water moccasin (D:9)
  A swamp drake (D:9)
  A kobold brigand (D:9)
  4 killer bees (D:9)
  A howler monkey (D:10)
  A gnoll shaman (D:7)
  A gnoll (D:7)
  6 orcs (D:9)
  A kobold (D:9)
18 creatures vanquished.

Vanquished Creatures (others)
  5 yak zombies
  A spectral ice beast (D:8)
  2 centaur zombies
  3 killer bee zombies (D:9)
  7 orc zombies (D:9)
  An orc (D:9)
  A kobold zombie (D:9)
  4 fungi (D:9)
  5 plants (Sewer)
29 creatures vanquished.

Grand Total: 300 creatures vanquished

Notes
Turn   | Place    | Note
-------+----------+-------------------------------------------
     0 | D:1      | bladeefan the Demonspawn Fighter began the quest for the
                  | Orb.
     0 | D:1      | Reached XP level 1. HP: 18/18 MP: 1/1
    58 | D:1      | Reached skill level 2 in Maces & Flails
    66 | D:1      | Gained mutation: You sometimes gain a little power by
                  | taking damage. [demonic ancestry]
    66 | D:1      | Reached XP level 2. HP: 6/24 MP: 2/2
  1536 | D:1      | Gained mutation: You have a pair of small horns on your
                  | head. [demonic ancestry]
  1536 | D:1      | Reached XP level 3. HP: 25/29 MP: 3/3
  1592 | D:2      | Found Yguj's Distillery.
  1897 | D:2      | Noticed Jessica
  1909 | D:2      | Killed Jessica
  1910 | D:2      | Reached skill level 3 in Maces & Flails
  1910 | D:2      | Reached XP level 4. HP: 26/35 MP: 4/4
  2245 | D:3      | Found a shimmering blue altar of Sif Muna.
  2252 | D:3      | Got Sif Muna's Handbook of Hurtful Heat
  2257 | D:3      | Found a bloodstained altar of Trog.
  2257 | D:3      | Noticed Terence
  2285 | D:3      | Killed Terence
  2446 | D:3      | Reached XP level 5. HP: 42/42 MP: 5/5
  2704 | D:3      | Found Plog's Antique Weapon Boutique.
  3045 | D:3      | Identified the +1 robe "Boqoront" {Rampage *Corrode MP+9
                  | Dex+3}
  3438 | D:4      | Reached XP level 6. HP: 48/48 MP: 6/6
  3511 | D:4      | Noticed a sky beast
  3523 | D:4      | Killed a sky beast
  3524 | D:4      | Reached skill level 4 in Maces & Flails
  3712 | D:4      | Found a shimmering altar of Xom.
  3721 | D:4      | Found an iron altar of Okawaru.
  4421 | D:5      | Entered Level 5 of the Dungeon
  4500 | D:5      | Found a sand-covered staircase.
  4504 | Ossuary  | Entered an ossuary
  4693 | Ossuary  | Gained mutation: You have a somewhat thin skeletal
                  | structure. (Dex +2, Stealth+) [demonic ancestry]
  4693 | Ossuary  | Reached XP level 7. HP: 55/55 MP: 7/7
  4894 | Ossuary  | Noticed Menkaure
  4911 | Ossuary  | Killed Menkaure
  4912 | Ossuary  | Reached skill level 5 in Maces & Flails
  6086 | D:6      | Reached skill level 5 in Fighting
  6086 | D:6      | Gained mutation: You have a pair of horns on your head.
                  | [demonic ancestry]
  6086 | D:6      | Reached XP level 8. HP: 30/62 MP: 8/8
  6297 | D:6      | Found a glowing drain.
  6303 | Sewer    | Entered a sewer
  6701 | Sewer    | Reached skill level 6 in Maces & Flails
  7228 | D:6      | Noticed Edmund
  7242 | D:6      | Killed Edmund
  7369 | D:6      | Reached skill level 5 in Shields
  7571 | D:6      | Reached skill level 5 in Armour
  8171 | D:6      | Reached skill level 7 in Maces & Flails
  8438 | D:7      | Reached XP level 9. HP: 46/69 MP: 9/9
  8637 | D:7      | Found a staircase to the Ecumenical Temple.
  8656 | Temple   | Entered the Ecumenical Temple
  8726 | Temple   | Became a worshipper of Yredelemnul the Dark
  8851 | D:7      | Reached * piety under Yredelemnul
  9163 | D:7      | Reached ** piety under Yredelemnul
  9232 | D:7      | Got the Reference Book on Shifting Confrontation
  9374 | D:8      | Reached skill level 8 in Maces & Flails
 10309 | D:9      | Found a runed translucent gate.
 10310 | D:9      | Found a runed translucent gate.
 10310 | D:9      | Noticed fragbeetle's ghost (novice MfGl)
 10311 | D:9      | Found a runed translucent gate.
 10311 | D:9      | Noticed a kobold demonologist
 10311 | D:9      | Noticed a kobold demonologist
 10320 | D:9      | Reached skill level 9 in Maces & Flails
 10401 | D:9      | Noticed a kobold demonologist
 10473 | D:9      | Reached XP level 10. HP: 23/79 MP: 10/10
 10963 | D:9      | Noticed a wolf spider
 10963 | D:9      | Noticed a fire dragon
 10963 | D:9      | Noticed a flayed ghost
 10964 | D:9      | Found a runed translucent door.
 10966 | D:9      | Noticed a wolf spider
 10966 | D:9      | Noticed a wolf spider
 10966 | D:9      | Noticed a centaur warrior
 10966 | D:9      | Noticed an orc knight
 10966 | D:9      | Noticed a fire giant
 11613 | D:9      | Found a staircase to the Lair.
 11628 | D:9      | Reached skill level 10 in Maces & Flails
 12003 | D:9      | Found a staircase to the Orcish Mines.
 12659 | D:10     | Entered Level 10 of the Dungeon
 12947 | D:10     | Found an ancient bone altar of Kikubaaqudgha.
 13130 | D:10     | Noticed a skeletal warrior
 13131 | D:10     | Noticed a skeletal warrior
 13900 | D:9      | Gained mutation: You are somewhat resistant to further
                  | mutation. [potion of mutation]
 13900 | D:9      | Gained mutation: You have sharp toenails. [potion of
                  | mutation]
 13957 | D:9      | Slain by a skeletal warrior

Illustrated notes

Levels and vault maps discovered:
D:1:      co_arrival_two_rings, layout_basic, hex_tiny, chequers_big_river,
          minmay_strange_pillars
D:2:      layout_rooms, serial_shops, shop, minmay_pentomino_u4, uniq_jessica
D:3:      layout_loops_ring, nzn_overflow_gifts_of_might_and_magic,
          serial_shops, nicolae_shop_stone
D:4:      nicolae_cairo_tiling_very_big, layout_gridville,
          mainiacjoe_overflow_swirl, minmay_misc_feat_cross
D:5:      layout_gridville, nicolae_ossuary_entry_false_entrances
D:6:      layout_basic, lightli_sewer_entry_pipes, st_stairs_8, uniq_edmund
D:7:      layout_cave_pools, minmay_temple_entry_mist
D:8:      layout_rooms, lemuel_tele_altar
D:9:      minmay_gate_of_8, layout_cave_pools, lair_entry_dummy, erik_orc_1,
          gammafunk_ghost_nasty_kobolds
D:10:     layout_layer_cave, bloody_makhleb, mainiacjoe_overflow_chevrons
Temple:   bh_familiar_temple

Skill      XL: |  1  2  3  4  5  6  7  8  9 10 |
---------------+-------------------------------+-----
Maces & Flails | 2 3 4 5 7 9 10 | 10.2
Armour         | 3 4 5 6 7 |  7.5
Shields        | 3 4 5 |  5.0
Fighting       | 4 5 6 7 8 |  8.2

Action                   |  1- 3 |  4- 6 |  7- 9 | 10-12 || total
-------------------------+-------+-------+-------+-------++-------
Melee: Flail             |   111 |   246 |   231 |       ||   588
       Headbutt          |     6 |    50 |    81 |    34 ||   171
       Dire flail        |       |       |   178 |   144 ||   322
  Use: Potion            |     1 |       |     6 |    14 ||    21
       Scroll            |     1 |     2 |    10 |     6 ||    19
 Stab: Distracted        |       |       |     1 |       ||     1
       Fleeing           |       |       |     1 |       ||     1
       Confused          |       |       |       |     1 ||     1
Armor: Scale mail        |    57 |   112 |   176 |    62 ||   407
       Plate armour      |       |       |       |     5 ||     5
Dodge: Dodged            |    52 |   124 |   156 |    53 ||   385
Block: Buckler           |    32 |    57 |    55 |       ||   144

Table legend: (Time is in decaauts)
 A = Elapsed time spent in this place.
 B = Non-inter-level travel time spent in this place.
 C = Inter-level travel time spent in this place.
 D = Time resting spent in this place.
 E = Time spent auto-exploring this place.
 F = Levels seen in this place.
 G = Mean time per level.
                   A        B        C        D        E       F      G
               +--------+--------+--------+--------+--------+-----+--------+
         Total |  14209 |  14042 |    167 |   3202 |   8347 |  13 | 1093.0 |
       Dungeon |  12490 |  12323 |    167 |   3202 |   7190 |  10 | 1249.0 |
        Temple |    121 |    121 |      0 |      0 |     64 |   1 |  121.0 |
         Sewer |   1030 |   1030 |      0 |      0 |    858 |   1 | 1030.0 |
       Ossuary |    566 |    566 |      0 |      0 |    235 |   1 |  566.0 |
               +--------+--------+--------+--------+--------+-----+--------+

Top non-repeatable levels by time:
     D:9: 2542 daAuts
     D:1: 1568 daAuts
     D:6: 1516 daAuts
     D:8: 1506 daAuts
     D:4: 1248 daAuts
     D:5: 1108 daAuts
   Sewer: 1030 daAuts
     D:3: 1009 daAuts
     D:7: 784 daAuts
     D:2: 683 daAuts
 Ossuary: 566 daAuts
    D:10: 522 daAuts
  Temple: 121 daAuts
